 Dungeon Crawl Stone Soup version 0.30.1-11-g7821555f0a (webtiles) character file.

Game seed: 12093886865325113736

79 bnorton916 the Magician (level 4, -6/24 HPs)
             Began as a Deep Elf Fire Elementalist on Dec 3, 2023.
             Mangled by an orc priest
             ... wielding a +0 flail
              (7 damage)
             ... on level 2 of the Dungeon.
             The game lasted 00:02:25 (2335 turns).

bnorton916 the Magician (DEFE)                      Turns: 2335, Time: 00:02:26

Health: -6/24      AC:  2    Str:  5    XL:     4   Next: 16%
Magic:  1/12       EV: 12    Int: 22    God:
Gold:   77         SH:  0    Dex: 15    Spells: 8/11 levels left

rFire   . . .        (no weapon)
rCold   . . .        (no shield)
rNeg    . . .        a - +0 robe
rPois   .            (no helmet)
rElec   .            (no cloak)
rCorr   .            (no gloves)
SInv    .            (no boots)
Will    .....        (no amulet)
Stlth   ++           (no ring)
HPRegen 0.24/turn    (no ring)
MPRegen 0.13/turn

%: no passive effects
@: hasted, very quick
A: no striking features
a: no special abilities


You were on level 2 of the Dungeon.
You visited 1 branch of the dungeon, and saw 2 of its levels.

You collected 77 gold pieces.

Inventory:

Armour
 a - a +0 robe (worn)
Jewellery
 k - a ring of fire
Scrolls
 d - a scroll of fog {unknown}
 e - 2 scrolls of blinking {unknown}
 f - 2 scrolls of teleportation {unknown}
 l - a scroll of identify {unknown}
Potions
 b - a potion of magic
 c - a potion of curing {unknown}
 g - a potion of heal wounds {unknown}
 i - a potion of attraction {unknown}
 j - a potion of mutation {unknown}


   Skills:
 - Level 2.4 Dodging
 - Level 2.4 Stealth
 + Level 4.2 Spellcasting
 + Level 2.6 Conjurations
 + Level 4.2 Fire Magic


You had 8 spell levels left.
You knew the following spells:

 Your Spells              Type           Power      Damage    Failure   Level
a - Foxfire               Conj/Fire      76%        2x1d7     2%          1
b - Scorch                Fire           46%        2d6       3%          2

Your spell library contained the following spells:

 Spells                   Type           Power      Damage    Failure   Level
 Inner Flame              Hex/Fire       13%        N/A       14%         3
 Volatile Blastmotes      Fire/Tloc      26%        2d12      14%         3
 Ignite Poison            Fire/Tmut/Pois 10%        N/A       19%         3
 Flame Wave               Conj/Fire      19%        2d7       26%         4
 Summon Horrible Things   Summ           2%         N/A       100%        8
 Dragon's Call            Summ           2%         N/A       100%        9


Dungeon Overview and Level Annotations

Branches:
Dungeon (2/15)

Altars:


Message History

The orc wizard is almost dead.
The orc wizard gestures wildly while chanting.
The orc wizard flickers and vanishes!
Deactivating autopickup; reactivate with Ctrl-A.
The orc priest begins to cast a cantrip, but forgets the words!
Casting: Foxfire (safe; 3% risk of failure)
Confirm with . or Enter, or press ? or * to list all spells.
You conjure some foxfire!
The foxfire hits the orc.
The orc is almost dead.
Something completely misses you. The orc wizard barely misses you.
The foxfire hits something.
Reactivating autopickup.
You feel a bit more experienced.
The orc priest looks encouraged for a moment.
You have reached level 4!
You feel clever.
Casting: Foxfire (safe; 2% risk of failure)
Confirm with . or Enter, or press ? or * to list all spells.
Flames lash the orc wizard.
The orc wizard is almost dead.
The orc wizard's fire resistance burns away.
The orc barely misses you.
The orc wizard gestures wildly while chanting.
The orc wizard flickers and vanishes!
Deactivating autopickup; reactivate with Ctrl-A.
The orc hits you with a +0 short sword.
The orc priest hits you with a +0 flail.
You hear some strange, mumbled words.
A magic dart appears from out of thin air!
The magic dart hits you!
* * * LOW HITPOINT WARNING * * *
Unknown command.
Casting: Scorch (safe; 3% risk of failure)
Confirm with . or Enter, or press ? or * to list all spells.
You don't have enough magic to cast this spell.
Unknown command.
It was a potion of haste.
You feel yourself speed up. The orc closely misses you.
The orc priest hits you with a +0 flail!
You die...

#.# #.#.# ...
.~...~.#.####+#.###.....
.......#.#..........#
..)....#.#.....######
.......#.#...........
.~..)~.#.#.....######
......)#.#.....#
......{o.......#
#....o@..######
##########


You could see an orc priest and an orc.

Vanquished Creatures
  An orc wizard (D:2)
  A worm (D:2)
  3 orcs (D:2)
  5 endoplasms
  3 giant cockroaches
  3 goblins (D:1)
  12 jackals
  2 quokkas (D:1)
  A ball python (D:2)
  2 bats
  2 frilled lizards
  4 kobolds
  4 rats
43 creatures vanquished.

Vanquished Creatures (others)
  199 foxfires
199 creatures vanquished.

Grand Total: 242 creatures vanquished

Notes
Turn   | Place    | Note
-------+----------+-------------------------------------------
     0 | D:1      | bnorton916 the Deep Elf Fire Elementalist began the quest
                  | for the Orb.
     0 | D:1      | Reached XP level 1. HP: 10/10 MP: 6/6
   270 | D:1      | Found a faded altar of an unknown god.
   465 | D:1      | Reached XP level 2. HP: 12/15 MP: 5/8
  1377 | D:1      | Learned a level 2 spell: Scorch
  1479 | D:1      | You fall into a shaft and drop 1 floor!
  1522 | D:2      | Reached XP level 3. HP: 19/19 MP: 7/10
  1974 | D:2      | Got Quoxiac's Meditations on Roasted Command
  2333 | D:2      | Reached XP level 4. HP: 16/24 MP: 3/12
  2334 | D:2      | HP: 1/24 [something/magic dart (8)]
  2335 | D:2      | Mangled by an orc priest

Illustrated notes

Levels and vault maps discovered:
D:1:      sevenhm_arrival_forest_fort_small_3, layout_basic,
          chequers_ecumenical_altar_simple_redux, minmay_misc_feat_room
D:2:      cheibrodos_pilgrimage, layout_basic

Skill      XL: |  1  2  3 |
---------------+----------+-----
Conjurations   | 2 |  2.6
Fire Magic     | 4 |  4.2
Spellcasting   | 4 |  4.2
Dodging        | |  2.4
Stealth        | |  2.4

Action                     |  1- 3 |  4- 6 || total
---------------------------+-------+-------++-------
   Cast: Foxfire           |   121 |       ||   121
         Scorch            |     4 |     1 ||     5
    Use: Potion            |       |     1 ||     1
 Armour: Robe              |     8 |       ||     8
  Dodge: Dodged            |    30 |     2 ||    32
